 Dungeon Crawl Stone Soup version 0.28.0-1-gb440e238dd (webtiles) character file.

Game seed: 16380607406459491173

53 RascalDebosk the Ducker (level 3, -2/27 HPs)
             Began as a Felid Berserker on Feb 27, 2022.
             Was a Follower of Trog.
             Slain by a gnoll (13 damage)
             ... on level 3 of the Dungeon.
             The game lasted 00:25:07 (2292 turns).

RascalDebosk the Ducker (Felid Berserker)           Turns: 2292, Time: 00:25:08

Health: -2/27      AC:  1    Str: 13    XL:     3   Next: 62%
Magic:  4/4        EV: 19    Int:  8    God:    Trog [*.....]
Gold:   96         SH:  0    Dex: 17    Spells: 2/2 levels left
                                        Lives:  0   Deaths: 1

rFire   . . .      SeeInvis +     - Unarmed
rCold   . . .      Faith    .   (shield unavailable)
rNeg    . . .      Spirit   .   (armour unavailable)
rPois   .          Reflect  .   (helmet unavailable)
rElec   .          Harm     .   (cloak unavailable)
rCorr   +          Rampage  .   (gloves unavailable)
Will    .....                   (boots unavailable)
Stlth   ..........              (no amulet)
HPRegen 0.09/turn               e - ring of resist corrosion
MPRegen 0.09/turn               (no ring)

@: berserking (expiring), very quick
A: very small, claws 1, fangs 3, see invisible, speed 1, shaggy fur 1, stealthy
paws, no weapons or thrown items, no armour, multi-lived
a: Renounce Religion, Berserk


You were on level 3 of the Dungeon.
You worshipped Trog.
Trog was aware of your devotion.
You visited 1 branch of the dungeon, and saw 3 of its levels.

You collected 96 gold pieces.

Inventory:

Jewellery
 e - a ring of resist corrosion (left paw)
Scrolls
 a - 2 scrolls of enchant armour {unknown}
 c - a scroll of holy word {unknown}
 g - 2 scrolls of immolation {unknown}
 h - a scroll of magic mapping {unknown}
 i - a scroll of amnesia {unknown}
Potions
 b - a potion of brilliance {unknown}
 d - a potion of attraction {unknown}
 f - a potion of mutation {unknown}


   Skills:
 + Level 3.6 Fighting
 + Level 4.8 Dodging
 + Level 2.9 Stealth
 + Level 3.6 Unarmed Combat


You had 2 spell levels left.
You didn't know any spells.
Your spell library was empty.

Dungeon Overview and Level Annotations

Branches:
Dungeon (3/15)

Altars:
Sif Muna
Trog

Shops:
D:1 (   D:2 :


Innate Abilities, Weirdness & Mutations

You have sharp claws.
You have razor-sharp teeth.
You have supernaturally acute eyesight. (SInv)
You cover ground quickly. (Speed+)
You are covered in fur. (AC +1)
Your paws help you pounce on unaware monsters.
You are incapable of wielding weapons or throwing items.
You cannot wear armour.
You gain extra lives every three experience levels.


Message History

You open the door.
There is an open door here.
You open the door.
There is an open door here.
You open the door.
Found 21 stones and 12 gold pieces.
There is an open door here.
You now have 96 gold pieces (gained 12).
You open the door.
Found a shimmering blue altar of Sif Muna.
There is an open door here.
You open the door. 2 gnolls come into view.
The gnoll shouts!
Something unseen opens the door.
There is an open door here.
The gnoll shouts!
You hear a shout!
A gnoll comes into view. It is wielding a +0 whip.
You hear a shout!
There is an open door here.
There is an open door here.
A red film seems to cover your vision as you go berserk!
You feel yourself moving faster!
You feel mighty!
You can no longer call upon Trog for regeneration and willpower.
The gnoll hits you from afar with a +0 spear.
You feel a strong urge to attack something.
The gnoll hits you with a +0 spear!
You claw the gnoll!
The gnoll is almost dead.
You closely miss the gnoll. Your bite misses the gnoll.
The gnoll is almost dead.
The gnoll hits you with a +0 spear.
You barely miss the gnoll.
The gnoll is almost dead.
The gnoll closely misses you.
You claw the gnoll!
You kill the gnoll!
Trog accepts your kill. The gnoll hits you with a +0 halberd!
You die...

###+###+###+
#..#.(.....#
###..#.......#
#.'.g'###'###+
#g#.g#.+...g.#
#@#.(#.#...#g#
#######.g##'.#._.#
'#
........#..#.#...#
..
######<##..#.+...+
.# #..+..+###+###
+ ##..#..#.......
#...#..#.......
#...###'#
#...)...#


You could see 2 gnolls.

Vanquished Creatures
  5 gnolls
  An adder (D:2)
  A dart slug (D:1)
  11 ball pythons
  5 endoplasms
  A giant cockroach (D:1)
  4 goblins
  A hobgoblin (D:1)
  2 kobolds
  2 quokkas (D:1)
  8 bats
  4 frilled lizards
  2 rats
47 creatures vanquished.

Notes
Turn   | Place    | Note
-------+----------+-------------------------------------------
     0 | D:1      | RascalDebosk the Felid Berserker began the quest for the
                  | Orb.
     0 | D:1      | Reached XP level 1. HP: 10/10 MP: 2/2
   277 | D:1      | Reached skill level 1 in Stealth
   277 | D:1      | Reached XP level 2. HP: 13/14 MP: 3/3
   289 | D:1      | Found a faded altar of an unknown god.
   801 | D:1      | Reached XP level 3. HP: 17/17 MP: 4/4
   883 | D:1      | Found Yrghemis's Weapon Boutique.
  1144 | D:2      | Found a bloodstained altar of Trog.
  1563 | D:2      | Found Ytiats's Book Shop.
  1771 | D:2      | Reached XP level 4. HP: 21/21 MP: 5/5
  1775 | D:2      | HP: 1/21 [gnoll (3)]
  1776 | D:2      | Slain by a gnoll
  1777 | D:2      | Reached XP level 3. HP: -1/17 MP: 4/4
  1866 | D:2      | Reached ** piety under Trog
  2269 | D:3      | Found a shimmering blue altar of Sif Muna.
  2292 | D:3      | Slain by a gnoll

Illustrated notes

Levels and vault maps discovered:
D:1:      wheals_arrival_linesprint, layout_loops_cross, serial_shops,
          nicolae_lakefront_shop, basic_ecumenical_altar, minmay_unequal
D:2:      layout_basic, serial_shops, nicolae_diamond_shop, basic_altar,
          chequers_arboretum, minmay_heptomino_o4
D:3:      layout_loops_ring, mainiacjoe_overflow_24_doors, gammafunk_ghost_split

Skill      XL: |  1  2  3 |
---------------+----------+-----
Stealth        | 1 2 |  2.9
Fighting       | |  3.6
Dodging        | |  4.8
Unarmed Combat | |  3.6

Action                   |  1- 3 |  4- 6 || total
-------------------------+-------+-------++-------
Melee: Unarmed           |   105 |     4 ||   109
       Punch             |     2 |       ||     2
       Bite              |     5 |     1 ||     6
Invok: Berserk           |     4 |       ||     4
 Stab: Sleeping          |     6 |       ||     6
Armor: Skin              |     3 |       ||     3
Dodge: Dodged            |    97 |     5 ||   102
